 Dungeon Crawl Stone Soup version 0.30-a0-137-gd8773701ce (webtiles) character file.

Game seed: 12385039244491855706

38 KennySheep the Twirler (level 3, 0/21 HPs)
             Began as a Tengu Gladiator on Sept 23, 2022.
             Succumbed to an adder's poison
             ... on level 2 of the Dungeon.
             The game lasted 00:02:52 (858 turns).

KennySheep the Twirler (Tengu Gladiator)             Turns: 858, Time: 00:02:53

Health: 0/21       AC:  3    Str: 14    XL:     3   Next: 43%
Magic:  4/5        EV: 13    Int: 10    God:
Gold:   48         SH:  0    Dex: 15    Spells: 3/3 levels left

rFire   . . .      SeeInvis .    b - +0 quarterstaff
rCold   + . .      Faith    .    (shield currently unavailable)
rNeg    . . .      Spirit   .    f - +0 leather armour
rPois   .          Reflect  .    c - +0 hat
rElec   .          Harm     .    (no cloak)
rCorr   .          Rampage  .    (no gloves)
Will    .....                    (boots unavailable)
Stlth   +.........               (no amulet)
HPRegen 0.07/turn                g - ring of protection from cold
MPRegen 0.09/turn                (no ring)

@: mighty, lethally poisoned (0 -> -13)
A: beak, talons 3
a: no special abilities


You were on level 2 of the Dungeon.
You visited 1 branch of the dungeon, and saw 2 of its levels.

You collected 48 gold pieces.

Inventory:

Hand Weapons
 b - a +0 quarterstaff (weapon)
Missiles
 d - 3 throwing nets (quivered)
 e - a javelin
Armour
 c - a +0 hat (worn)
 f - a +0 leather armour (worn)
Magical Staves
 a - a staff of air
Jewellery
 g - a ring of protection from cold (left hand)
Scrolls
 h - 2 scrolls of identify
 i - a scroll of vulnerability {unknown}
 j - a scroll of poison {unknown}


   Skills:
 + Level 2.3 Fighting
 * Level 3.8 Staves
 - Level 2.0 Throwing
 + Level 3.6 Dodging
 + Level 0.9 Stealth
 + Level 0.6 Spellcasting
 * Level 0.2 Air Magic
 * Level 0.1 Evocations


You had 3 spell levels left.
You didn't know any spells.
Your spell library was empty.

Dungeon Overview and Level Annotations

Branches:
Dungeon (2/15)

Altars:


Innate Abilities, Weirdness & Mutations

You have a beak for a mouth.
You have claws for feet.


Message History

You see here a +0 dagger.
There is a stone staircase leading down here.
b - a +0 quarterstaff (weapon)
You climb downwards.
Found 7 gold pieces and a sedimented amethyst potion.
Found a stone staircase leading up.
There is a stone staircase leading up here.
You now have 48 gold pieces (gained 7).
k - a sedimented amethyst potion
Found an escape hatch in the floor.
An adder comes into view.
The adder hisses angrily.
You see here an amulet of guardian spirit.
The adder bites you but does no damage. The adder completely misses you.
You closely miss the adder. Your kick misses the adder.
Your peck misses the adder. The adder bites you.
You closely miss the adder. Your peck misses the adder.
The adder closely misses you. The adder bites you.
You are poisoned.
The adder poisons you!
You hit the adder but do no damage. Your peck misses the adder.
You feel sick. The adder misses you.
You hit the adder. You claw the adder, but do no damage.
The adder is heavily wounded.
You feel sick. The adder bites you.
You are more poisoned.
The adder poisons you!
You closely miss the adder.
The adder is heavily wounded.
You feel sick. The adder barely misses you. The adder bites you.
You are more poisoned.
The adder poisons you!
You hit the adder. You claw the adder.
You kill the adder!
* * * LOW HITPOINT WARNING * * *
You feel very sick.
No target in view!
It was a potion of might.
You feel very mighty all of a sudden.
You die...

## ... ...
###...# ....
..#.#. ....
####...S
..... ....#.#
.....##>....#
......#.#.###
.......@#S..#
.....<..#.#.#
...##...#.# #
## ##....#
######.....#
#........###
#......<.+
#........#
#........# ..


There were no monsters in sight!

Vanquished Creatures
  An adder (D:2)
  5 dart slugs (D:1)
  A giant cockroach (D:1)
  3 goblins (D:1)
  A hobgoblin (D:1)
  2 kobolds (D:1)
  A ball python (D:1)
  4 bats (D:1)
  A frilled lizard (D:1)
  2 rats (D:1)
21 creatures vanquished.

Notes
Turn   | Place    | Note
-------+----------+-------------------------------------------
     0 | D:1      | KennySheep the Tengu Gladiator began the quest for the Orb.
     0 | D:1      | Reached XP level 1. HP: 12/12 MP: 2/2
    51 | D:1      | Reached XP level 2. HP: 15/17 MP: 3/3
   577 | D:1      | Reached XP level 3. HP: 21/21 MP: 4/4
   806 | D:1      | Identified a scroll of acquirement
   807 | D:1      | Acquired a staff of air
   858 | D:2      | Succumbed to an adder's poison

Illustrated notes

Levels and vault maps discovered:
D:1:      saegor_arrival_simple_a, layout_rooms
D:2:      layout_basic, dreamdust_ecumenical_altar_drowned_temple,
          lightli_corner_chamber, uniq_sigmund

Action                   || total
-------------------------++-------
Melee: Quarterstaff      ||    54
       Peck              ||     7
       Kick              ||     9
  Use: Scroll            ||     2
       Potion            ||     1
 Stab: Sleeping          ||     1
Armor: Leather armour    ||    18
Dodge: Dodged            ||    28

Table legend: (Time is in decaauts)
 A = Elapsed time spent in this place.
 B = Non-inter-level travel time spent in this place.
 C = Inter-level travel time spent in this place.
 D = Time resting spent in this place.
 E = Time spent auto-exploring this place.
 F = Levels seen in this place.
 G = Mean time per level.
                   A        B        C        D        E       F      G
               +--------+--------+--------+--------+--------+-----+--------+
         Total |    862 |    849 |     13 |    278 |    431 |   2 |  431.0 |
       Dungeon |    862 |    849 |     13 |    278 |    431 |   2 |  431.0 |
               +--------+--------+--------+--------+--------+-----+--------+

Top non-repeatable levels by time:
     D:1: 829 daAuts
     D:2: 33 daAuts
